TOP OF THE 1ST |
Lee's Summit Tigers batting - Pitching for Cincinnati Pride : RHP Bart Brown
|
Pitching: RHP Bart Brown
|
|
Batting: LHB Darren Holland
|
0-0: Ground out 6-3 (Groundball, 6)
|
Batting: RHB Jesús Ramos
|
0-0: Ball 1-0: Foul Ball, location: 2F 1-1: SINGLE (Flyball, 89S)
|
Batting: RHB César Martínez
|
0-0: Ball 1-0: Foul Ball, location: 2F 1-1: Ball Jesús Ramos is caught stealing 2nd base 2-1: Swinging Strike 2-2: Foul Ball, location: 2F 2-2: Ball 3-2: SINGLE (Line Drive, 6MD)
|
Batting: SHB Juan Glaviz
|
0-0: Foul Ball, location: 2F 0-1: Ball 1-1: SINGLE (Flyball, 89S) César Martínez to second Runner from 2nd tries for 3rd, SAFE, throw made to third Juan Glaviz to second
|
Batting: LHB Dale Miller
|
0-0: Called Strike 0-1: Ball 1-1: Ball 2-1: Ball 3-1: Ground out 4-3 (Groundball, 34)
|
Top of the 1st over - 0 run(s), 3 hit(s), 0 error(s), 2 left on base; Lee's Summit 0 - Cincinnati 0 |
BOTTOM OF THE 1ST |
Cincinnati Pride batting - Pitching for Lee's Summit Tigers : LHP Marcos Flores
|
Pitching: LHP Marcos Flores
|
|
Batting: SHB Jaime Martínez
|
0-0: Ball 1-0: Ball 2-0: Foul Ball, location: 2F 2-1: Swinging Strike 2-2: Ball 3-2: Strikes out swinging
|
Batting: RHB Jorge Flores
|
0-0: Called Strike 0-1: Ball 1-1: Foul Ball, location: 2F 1-2: Ball 2-2: Strikes out swinging
|
Batting: LHB Gabriel Aragón
|
0-0: Ball 1-0: Foul Ball, location: 2F 1-1: SINGLE (Line Drive, 7LS)
|
Batting: RHB Tony Long
|
0-0: Called Strike 0-1: Ball 1-1: DOUBLE (Line Drive, 78D) Gabriel Aragón to third Runner from 3rd tries for Home, SAFE, no throw
|
Pinch Runner at 2nd Roger Rush:
|
|
Batting: LHB Wes Thompson
|
0-0: Ball 1-0: Foul Ball, location: 2F 1-1: Foul Ball, location: 2F 1-2: Strikes out swinging
|
Bottom of the 1st over - 1 run(s), 2 hit(s), 0 error(s), 1 left on base; Lee's Summit 0 - Cincinnati 1 |
TOP OF THE 2ND |
Lee's Summit Tigers batting - Pitching for Cincinnati Pride : RHP Bart Brown
|
Now at 1B: Roger Rush
|
|
Batting: RHB Kyle Baylor
|
0-0: Called Strike 0-1: Called Strike 0-2: Strikes out swinging
|
Batting: RHB Steve Johnson
|
0-0: Ball 1-0: Foul Ball, location: 2F 1-1: Ball 2-1: Swinging Strike 2-2: Foul Ball, location: 2F 2-2: Fly out, F8 (Flyball, 8RM)
|
Batting: RHB Salvador Rodríguez
|
0-0: Ball 1-0: Called Strike 1-1: Called Strike 1-2: Reached on error, E6 (Groundball, 6)
|
Batting: RHB Hubert MacDonald
|
0-0: Called Strike 0-1: Ball 1-1: Ball 2-1: Called Strike 2-2: Strikes out looking
|
Top of the 2nd over - 0 run(s), 0 hit(s), 1 error(s), 1 left on base; Lee's Summit 0 - Cincinnati 1 |
BOTTOM OF THE 2ND |
Cincinnati Pride batting - Pitching for Lee's Summit Tigers : LHP Marcos Flores
|
Batting: RHB Pete Woods
|
0-0: Swinging Strike 0-1: Ball 1-1: Called Strike 1-2: Strikes out swinging
|
Batting: RHB Keith Sheehan
|
0-0: Ball 1-0: DOUBLE (Flyball, 78XD)
|
Batting: LHB Paco Córdova
|
0-0: DOUBLE (Line Drive, 9LD) Keith Sheehan scores
|
Batting: RHB Gary Miller
|
0-0: Foul Ball, location: 2F 0-1: Swinging Strike 0-2: Ground out 5-3 (Groundball, 5)
|
Batting: SHB Jaime Martínez
|
0-0: Called Strike 0-1: Ball 1-1: Ball 2-1: Foul Ball, location: 2F 2-2: Strikes out looking
|
Bottom of the 2nd over - 1 run(s), 2 hit(s), 0 error(s), 1 left on base; Lee's Summit 0 - Cincinnati 2 |
TOP OF THE 3RD |
Lee's Summit Tigers batting - Pitching for Cincinnati Pride : RHP Bart Brown
|
Batting: LHB Darren Holland
|
0-0: Called Strike 0-1: Ball 1-1: Ball 2-1: Called Strike 2-2: Strikes out swinging
|
Batting: RHB Jesús Ramos
|
0-0: Called Strike 0-1: Ball 1-1: Foul Ball, location: 2F 1-2: Ball 2-2: Ball 3-2: Base on Balls
|
Batting: RHB César Martínez
|
0-0: Ball 1-0: Foul Ball, location: 2F 1-1: Fly out, F9 (Flyball, 9LS)
|
Batting: SHB Juan Glaviz
|
0-0: Ball 1-0: Ball 2-0: Swinging Strike 2-1: Ball 3-1: Foul Ball, location: 2F 3-2: Foul Ball, location: 2F 3-2: Strikes out looking
|
Top of the 3rd over - 0 run(s), 0 hit(s), 0 error(s), 1 left on base; Lee's Summit 0 - Cincinnati 2 |
BOTTOM OF THE 3RD |
Cincinnati Pride batting - Pitching for Lee's Summit Tigers : LHP Marcos Flores
|
Batting: RHB Jorge Flores
|
0-0: Called Strike 0-1: Called Strike 0-2: Foul Ball, location: 2F 0-2: Ball 1-2: Ball 2-2: Ground out 6-3 (Groundball, 6)
|
Batting: LHB Gabriel Aragón
|
0-0: Ball 1-0: Ball 2-0: Foul Ball, location: 2F 2-1: Ground out 6-3 (Groundball, 6M)
|
Batting: RHB Roger Rush
|
0-0: Called Strike 0-1: Ball 1-1: Ball 2-1: Foul Ball, location: 2F 2-2: Fly out, F9 (Flyball, 9LMF)
|
Bottom of the 3rd over - 0 run(s), 0 hit(s), 0 error(s), 0 left on base; Lee's Summit 0 - Cincinnati 2 |
TOP OF THE 4TH |
Lee's Summit Tigers batting - Pitching for Cincinnati Pride : RHP Bart Brown
|
Batting: LHB Dale Miller
|
0-0: Called Strike 0-1: Ball 1-1: Ball 2-1: Swinging Strike 2-2: Foul Ball, location: 2F 2-2: Ball 3-2: Foul Ball, location: 2F 3-2: Foul Ball, location: 2F 3-2: Reached on error, E6 (Groundball, 6MS)
|
Batting: RHB Kyle Baylor
|
0-0: Ball 1-0: Ball 2-0: Called Strike 2-1: Foul Ball, location: 2F 2-2: Foul Ball, location: 2F 2-2: Ball 3-2: Base on Balls
|
Batting: RHB Steve Johnson
|
0-0: Ground out 5-3 (Groundball, 56S) Dale Miller to third Kyle Baylor to second
|
Batting: RHB Salvador Rodríguez
|
0-0: Called Strike 0-1: SINGLE (Line Drive, 78S) Dale Miller scores Kyle Baylor to third Throwing error, E8 Kyle Baylor scores Salvador Rodríguez to second
|
Batting: RHB Hubert MacDonald
|
0-0: Ball 1-0: Called Strike 1-1: SINGLE (Groundball, 56D) Salvador Rodríguez to third Runner from 3rd tries for Home, SAFE, no throw
|
Batting: LHB Darren Holland
|
0-0: Ball 1-0: Swinging Strike 1-1: Ball 2-1: Swinging Strike 2-2: Strikes out looking
|
Pitching: LHP Jon Bridges
|
|
Batting: RHB Jesús Ramos
|
0-0: Ball 1-0: Ball 2-0: Foul Ball, location: 2F 2-1: Foul Ball, location: 2F 2-2: Foul Ball, location: 2F 2-2: Foul Ball, location: 2F 2-2: Ball 3-2: Base on Balls Hubert MacDonald to second
|
Batting: RHB César Martínez
|
0-0: Ball 1-0: Called Strike 1-1: Ball 2-1: Ball 3-1: Base on Balls Hubert MacDonald to third Jesús Ramos to second
|
Batting: SHB Juan Glaviz
|
0-0: Foul Ball, location: 2F 0-1: Swinging Strike 0-2: Ball 1-2: Strikes out looking
|
Top of the 4th over - 3 run(s), 2 hit(s), 2 error(s), 3 left on base; Lee's Summit 3 - Cincinnati 2 |
BOTTOM OF THE 4TH |
Cincinnati Pride batting - Pitching for Lee's Summit Tigers : LHP Marcos Flores
|
Batting: LHB Wes Thompson
|
0-0: Ball 1-0: Ground out U3 (Groundball, 34S)
|
Batting: RHB Pete Woods
|
0-0: Called Strike 0-1: Ground out 4-3 (Groundball, 4)
|
Batting: RHB Keith Sheehan
|
0-0: Ball 1-0: Called Strike 1-1: Ball 2-1: Reached via error on a dropped throw, E3
|
Batting: LHB Paco Córdova
|
0-0: Ball 1-0: Called Strike 1-1: Swinging Strike 1-2: Foul Ball, location: 2F 1-2: Foul Ball, location: 2F 1-2: Strikes out looking
|
Bottom of the 4th over - 0 run(s), 0 hit(s), 1 error(s), 1 left on base; Lee's Summit 3 - Cincinnati 2 |
TOP OF THE 5TH |
Lee's Summit Tigers batting - Pitching for Cincinnati Pride : LHP Jon Bridges
|
Batting: LHB Dale Miller
|
0-0: Swinging Strike 0-1: Foul Ball, location: 2F 0-2: Ball 1-2: Foul Ball, location: 2F 1-2: Ball 2-2: Foul Ball, location: 2F 2-2: Strikes out swinging
|
Batting: RHB Kyle Baylor
|
0-0: Ball 1-0: Called Strike 1-1: Swinging Strike 1-2: Strikes out swinging
|
Batting: RHB Steve Johnson
|
0-0: Called Strike 0-1: Called Strike 0-2: SINGLE (Flyball, 8LS)
|
Batting: RHB Salvador Rodríguez
|
0-0: Ball 1-0: Fly out, F8 (Line Drive, 8LM)
|
Top of the 5th over - 0 run(s), 1 hit(s), 0 error(s), 1 left on base; Lee's Summit 3 - Cincinnati 2 |
BOTTOM OF THE 5TH |
Cincinnati Pride batting - Pitching for Lee's Summit Tigers : LHP Marcos Flores
|
Batting: RHB Gary Miller
|
0-0: Swinging Strike 0-1: SINGLE (Line Drive, 89S)
|
Batting: SHB Jaime Martínez
|
0-0: Ball 1-0: Called Strike 1-1: Ground out U3 (Groundball, 34S) Gary Miller to second
|
Batting: RHB Jorge Flores
|
0-0: Swinging Strike 0-1: Ball 1-1: Swinging Strike 1-2: Strikes out looking
|
Batting: LHB Gabriel Aragón
|
0-0: Ball 1-0: Ball 2-0: Fly out, F9 (Flyball, 9S)
|
Bottom of the 5th over - 0 run(s), 1 hit(s), 0 error(s), 1 left on base; Lee's Summit 3 - Cincinnati 2 |
TOP OF THE 6TH |
Lee's Summit Tigers batting - Pitching for Cincinnati Pride : LHP Jon Bridges
|
Batting: RHB Hubert MacDonald
|
0-0: Ball 1-0: Ball 2-0: Called Strike 2-1: Ball 3-1: Called Strike 3-2: Base on Balls
|
Batting: LHB Darren Holland
|
0-0: Ball 1-0: Ball 2-0: SINGLE (Groundball, 34D) Hubert MacDonald to second Throwing error, E9 Hubert MacDonald scores Darren Holland to second
|
Batting: RHB Jesús Ramos
|
0-0: Swinging Strike 0-1: Foul Ball, location: 2F 0-2: Ball 1-2: Ball 2-2: Foul Ball, location: 2F 2-2: Ball 3-2: Base on Balls
|
Batting: RHB César Martínez
|
0-0: Ball 1-0: Foul Ball, location: 2F 1-1: Ball 2-1: Ball 3-1: Called Strike 3-2: Base on Balls Darren Holland to third Jesús Ramos to second
|
Batting: SHB Juan Glaviz
|
0-0: Called Strike 0-1: SINGLE (Line Drive, 6MD) Darren Holland scores Jesús Ramos to third César Martínez to second Runner from 3rd tries for Home, SAFE, no throw
|
Pitching: RHP Sam Mathis
|
|
Batting: LHB Dale Miller
|
0-0: Called Strike 0-1: Ground out 6-3 (Groundball, 6S) César Martínez to third Juan Glaviz to second
|
Batting: RHB Kyle Baylor
|
0-0: Called Strike 0-1: SINGLE (Groundball, 4MD) César Martínez scores Juan Glaviz to third Runner from 3rd tries for Home, SAFE, no throw
|
Batting: RHB Steve Johnson
|
0-0: Ball Kyle Baylor steals 2nd base 1-0: Ground out 6-3 (Groundball, 6)
|
Batting: RHB Salvador Rodríguez
|
0-0: Ball 1-0: SINGLE (Groundball, 6MD) Kyle Baylor to third Runner from 3rd tries for Home, SAFE, no throw
|
Batting: RHB Hubert MacDonald
|
0-0: Called Strike 0-1: Ball 1-1: Ball 2-1: Swinging Strike 2-2: Strikes out swinging
|
Top of the 6th over - 6 run(s), 4 hit(s), 1 error(s), 1 left on base; Lee's Summit 9 - Cincinnati 2 |
BOTTOM OF THE 6TH |
Cincinnati Pride batting - Pitching for Lee's Summit Tigers : LHP Marcos Flores
|
Batting: RHB Roger Rush
|
0-0: Called Strike 0-1: Ball 1-1: SOLO HOME RUN (Flyball, 78XD), Distance : 426 ft
|
Batting: LHB Wes Thompson
|
0-0: Ball 1-0: Foul Ball, location: 2F 1-1: Foul Ball, location: 2F 1-2: Strikes out looking
|
Batting: RHB Pete Woods
|
0-0: Called Strike 0-1: Ball 1-1: Ball 2-1: SINGLE (Groundball, 5S) (infield hit)
|
Pitching: RHP Alejandro Longoria
|
|
Batting: RHB Keith Sheehan
|
0-0: Ball Pete Woods is caught stealing 2nd base 1-0: Ground out 6-3 (Groundball, 6)
|
Bottom of the 6th over - 1 run(s), 2 hit(s), 0 error(s), 0 left on base; Lee's Summit 9 - Cincinnati 3 |
TOP OF THE 7TH |
Lee's Summit Tigers batting - Pitching for Cincinnati Pride : RHP Sam Mathis
|
Batting: LHB Darren Holland
|
0-0: Hit by Pitch
|
Batting: RHB Jesús Ramos
|
0-0: Ball 1-0: Foul Ball, location: 2F 1-1: Called Strike 1-2: Ball 2-2: Strikes out swinging
|
Batting: RHB César Martínez
|
0-0: Ball 1-0: Swinging Strike Pickoff Throw to First - Error! E1 Darren Holland to second 1-1: Called Strike 1-2: Ball 2-2: SINGLE (Line Drive, 8LS) Darren Holland to third
|
Batting: SHB Juan Glaviz
|
0-0: Called Strike 0-1: Called Strike 0-2: Ball 1-2: Strikes out looking
|
Batting: LHB Dale Miller
|
0-0: Ball 1-0: Called Strike 1-1: Ball 2-1: Ball 3-1: Fly out, F8 (Flyball, 8LM)
|
Top of the 7th over - 0 run(s), 1 hit(s), 1 error(s), 2 left on base; Lee's Summit 9 - Cincinnati 3 |
BOTTOM OF THE 7TH |
Cincinnati Pride batting - Pitching for Lee's Summit Tigers : RHP Alejandro Longoria
|
Batting: LHB Paco Córdova
|
0-0: Ball 1-0: Ball 2-0: Called Strike 2-1: Swinging Strike 2-2: Foul Ball, location: 2F 2-2: Foul Ball, location: 2F 2-2: Ground out 5-3 (Groundball, 56S)
|
Batting: RHB Gary Miller
|
0-0: Ball 1-0: Called Strike 1-1: SINGLE (Groundball, 56D)
|
Batting: SHB Jaime Martínez
|
0-0: DOUBLE (Line Drive, 78M) Gary Miller to third
|
Batting: RHB Jorge Flores
|
0-0: Called Strike 0-1: Ground out 6-3 (Groundball, 6) Gary Miller scores
|
Batting: LHB Gabriel Aragón
|
0-0: Called Strike 0-1: Ball 1-1: Ball 2-1: Swinging Strike 2-2: Ball 3-2: Base on Balls
|
Batting: RHB Roger Rush
|
0-0: Swinging Strike 0-1: Ball 1-1: SINGLE (Line Drive, 6MD) Jaime Martínez to third Gabriel Aragón to second Runner from 3rd tries for Home, SAFE, no throw
|
Pitching: RHP António Cruz
|
|
Batting: LHB Wes Thompson
|
0-0: Ball 1-0: Swinging Strike 1-1: Foul Ball, location: 2F 1-2: Strikes out swinging
|
Bottom of the 7th over - 2 run(s), 3 hit(s), 0 error(s), 2 left on base; Lee's Summit 9 - Cincinnati 5 |
TOP OF THE 8TH |
Lee's Summit Tigers batting - Pitching for Cincinnati Pride : RHP Sam Mathis
|
Batting: RHB Kyle Baylor
|
0-0: Ball 1-0: Foul Ball, location: 2F 1-1: Ball 2-1: Ball 3-1: Base on Balls
|
Batting: RHB Steve Johnson
|
0-0: Ball 1-0: Sac Bunt - play at first, batter safe! Kyle Baylor to second
|
Batting: RHB Salvador Rodríguez
|
0-0: Called Strike 0-1: Foul Ball, location: 2F 0-2: Strikes out swinging
|
Batting: RHB Hubert MacDonald
|
0-0: Called Strike 0-1: Foul Ball, location: 2F 0-2: Strikes out swinging
|
Batting: LHB Darren Holland
|
0-0: Ball 1-0: Foul Ball, location: 2F 1-1: Fly out, F7 (Flyball, 7S)
|
Top of the 8th over - 0 run(s), 1 hit(s), 0 error(s), 2 left on base; Lee's Summit 9 - Cincinnati 5 |
BOTTOM OF THE 8TH |
Cincinnati Pride batting - Pitching for Lee's Summit Tigers : RHP António Cruz
|
Batting: RHB Pete Woods
|
0-0: Swinging Strike 0-1: Ground out 5-3 (Groundball, 56S)
|
Batting: RHB Keith Sheehan
|
0-0: Called Strike 0-1: Swinging Strike 0-2: SINGLE (Line Drive, 89M)
|
Batting: LHB Paco Córdova
|
0-0: Called Strike 0-1: Swinging Strike 0-2: Ball 1-2: Strikes out swinging
|
Batting: RHB Gary Miller
|
0-0: Called Strike 0-1: Foul Ball, location: 2F 0-2: Ball 1-2: Foul Ball, location: 2F 1-2: Fly out, F9 (Flyball, 9)
|
Bottom of the 8th over - 0 run(s), 1 hit(s), 0 error(s), 1 left on base; Lee's Summit 9 - Cincinnati 5 |
TOP OF THE 9TH |
Lee's Summit Tigers batting - Pitching for Cincinnati Pride : RHP Sam Mathis
|
Batting: RHB Jesús Ramos
|
0-0: Swinging Strike 0-1: Ball 1-1: Ball 2-1: Ball 3-1: Foul Ball, location: 2F 3-2: Foul Ball, location: 2F 3-2: Strikes out swinging
|
Pitching: LHP Vicente López
|
|
Batting: RHB César Martínez
|
0-0: Ball 1-0: Ball 2-0: Called Strike 2-1: Ball 3-1: Called Strike 3-2: Strikes out swinging
|
Batting: SHB Juan Glaviz
|
0-0: Ball 1-0: SINGLE (Groundball, 56D)
|
Batting: LHB Dale Miller
|
0-0: Ball 1-0: Swinging Strike 1-1: Foul Ball, location: 2F 1-2: Strikes out looking
|
Top of the 9th over - 0 run(s), 1 hit(s), 0 error(s), 1 left on base; Lee's Summit 9 - Cincinnati 5 |
BOTTOM OF THE 9TH |
Cincinnati Pride batting - Pitching for Lee's Summit Tigers : RHP António Cruz
|
Batting: SHB Jaime Martínez
|
0-0: Ball 1-0: Foul Ball, location: 2F 1-1: Foul Ball, location: 2F 1-2: Strikes out looking
|
Batting: RHB Jorge Flores
|
0-0: Called Strike 0-1: Called Strike 0-2: Strikes out swinging
|
Batting: LHB Gabriel Aragón
|
0-0: Ball 1-0: Fly out, F7 (Line Drive, 78S)
|
Bottom of the 9th over - 0 run(s), 0 hit(s), 0 error(s), 0 left on base; Lee's Summit 9 - Cincinnati 5 |
|